 Dungeon Crawl Stone Soup version 0.30-a0-424-g7412bad402 (webtiles) character file.

Game seed: 14026259110580209756

147856 ryw the Warrior (level 16, -3/141 HPs)
             Began as a Demonspawn Monk on Dec 10, 2022.
             Was the Champion of Cheibriados.
             Slain by a swamp dragon (10 damage)
             ... on level 4 of the Swamp.
             The game lasted 00:48:37 (21352 turns).

ryw the Warrior (Demonspawn Monk)                  Turns: 21352, Time: 00:48:37

Health: -3/141     AC: 28    Str: 34    XL:     16   Next: 92%
Magic:  29/29      EV: 34    Int: 27    God:    Cheibriados [******]
Gold:   2460       SH:  0    Dex: 37    Spells: 31/33 levels left

rFire   . . .      SeeInvis .    i - +9 hand axe "Ame Gaes" {vorpal, rElec Will+}
rCold   . . .      Faith    .    (no shield)
rNeg    + . .      Spirit   .    n - +9 Cigotuvi's embrace {rMiasma Drain rN+}
rPois   .          Reflect  .    T - +2 helmet
rElec   +          Harm     .    h - +2 cloak {Stlth+}
rCorr   .          Rampage  .    (gloves unavailable)
Will    ++...                    H - +2 pair of boots
Stlth   +++.......               e - amulet of regeneration
HPRegen 1.23/turn                I - +4 ring of protection
MPRegen 0.21/turn                y - +6 ring of dexterity

@: lethally poisoned (-3 -> -86), about to teleport, wereblooded, studying
Spellcasting, very slow
A: ignite blood 2, powered by death 2, augmentation 1, sharp scales 2, demonic
touch 3
a: Renounce Religion, Bend Time, Temporal Distortion, Slouch, Step From Time


You were on level 4 of the Swamp.
You worshipped Cheibriados.
Cheibriados was exalted by your worship.
You visited 5 branches of the dungeon, and saw 27 of its levels.

You collected 2460 gold pieces.

Inventory:

Hand Weapons
 i - the +9 hand axe "Ame Gaes" (weapon) {vorpal, rElec Will+}
   (You found it on level 2 of the Dungeon)

   It inflicts extra damage upon your enemies.
   rElec:     It insulates you from electricity.
   Will:      It increases your willpower.
 D - the +12 quarterstaff of the Median {flame, *Rage rN+ Dex+6 Stlth+}
   (You found it on level 5 of the Lair of Beasts)

   It burns those it strikes, dealing additional fire damage.
   Dex:       It affects your dexterity (+6).
   rN:        It protects you from negative energy.
   *Rage:     It berserks you when you make melee attacks (+20% chance).
   Stlth:     It makes you more stealthy.
Missiles
 d - 4 silver javelins
 U - 4 throwing nets
Armour
 h - a +2 cloak of stealth (worn)
 n - the +9 Cigotuvi's embrace (worn) {rMiasma Drain rN+}
   (You found it on level 3 of the Dungeon)

   It gathers nearby corpses to temporarily increase the armour it provides.
   It protects you from foul pestilence.
   rN:        It protects you from negative energy.
   Drain:     It drains your maximum health when unequipped.
 H - a +2 pair of boots (worn)
 T - a +2 helmet (worn)
Jewellery
 a - a ring of protection from fire
 e - an amulet of regeneration (around neck)
 w - a ring of positive energy
 y - a +6 ring of dexterity (right hand)
 I - a +4 ring of protection (left hand)
 N - a ring of resist corrosion
 P - a ring of flight
 R - a ring of poison resistance
 V - an amulet of magic regeneration
Wands
 k - a wand of charming (12)
 l - a wand of digging (3)
 p - a wand of roots (34)
 A - a wand of flame (62)
 E - a wand of polymorph (15)
Scrolls
 f - 3 scrolls of amnesia
 r - 11 scrolls of identify
 u - a scroll of blinking
 x - 3 scrolls of summoning
 z - 4 scrolls of magic mapping
 C - 5 scrolls of teleportation
 G - 4 scrolls of butterflies
 K - 2 scrolls of enchant weapon
 M - 3 scrolls of enchant armour
Potions
 b - 3 potions of ambrosia
 c - 4 potions of attraction
 g - 10 potions of curing
 j - 6 potions of mutation
 m - 9 potions of heal wounds
 o - 2 potions of cancellation
 q - a potion of magic
 t - 2 potions of brilliance
 v - 3 potions of berserk rage
 F - 3 potions of might
 L - 4 potions of lignification
 O - 5 potions of flight
 Q - 3 potions of invisibility
 S - 2 potions of resistance
Miscellaneous
 s - a phantom mirror
 B - a box of beasts


   Skills:
 + Level 17.1 Fighting
 - Level 14.0 Axes
 - Level 5.0 Armour
 + Level 15.8 Dodging
 - Level 5.0 Stealth
 - Level 2.6 Unarmed Combat
 + Level 9.4 Spellcasting
 - Level 5.0 Transmutations
 - Level 10.0 Invocations


You had 31 spell levels left.
You knew the following spells:

 Your Spells              Type           Power      Damage    Failure   Level
a - Wereblood             Tmut           39%        N/A       1%          2

Your spell library contained the following spells:

 Spells                   Type           Power      Damage    Failure   Level
 Beastly Appendage        Tmut           78%        N/A       1%          1
 Sting                    Tmut/Pois      100%       1d8       1%          1
 Passwall                 Tmut/Erth      21%        N/A       2%          2
 Apportation              Tloc           24%        N/A       4%          1
 Kiss of Death            Conj/Necr      48%        2d9       4%          1
 Summon Small Mammal      Summ           48%        N/A       4%          1
 Spider Form              Tmut/Pois      26%        N/A       5%          3
 Ensorcelled Hibernation  Hex/Ice        24%        N/A       8%          2
 Poisonous Vapours        Pois/Air       24%        N/A       8%          2
 Call Canine Familiar     Summ           12%        N/A       14%         3
 Confusing Touch          Hex            12%        N/A       14%         3
 Portal Projectile        Hex/Tloc       24%        N/A       14%         3
 Summon Guardian Golem    Hex/Summ       12%        N/A       14%         3
 Swiftness                Air            12%        N/A       14%         3
 Anguish                  Hex/Necr       6%         N/A       43%         4
 Dispel Undead            Necr           12%        3d9       43%         4
 Leda's Liquefaction      Hex/Erth       6%         N/A       43%         4
 Olgreb's Toxic Radiance  Pois           12%        N/A       43%         4
 Alistair's Intoxication  Tmut/Pois      17%        N/A       43%         5
 Enfeeble                 Hex            6%         N/A       100%        7
 Orb of Destruction       Conj           6%         9d6       100%        7
 Spellforged Servitor     Conj/Summ      6%         N/A       100%        7


Dungeon Overview and Level Annotations

Branches:
Dungeon (15/15)            Temple (1/1) D:5            Lair (5/5) D:11
  Swamp (4/4) Lair:2       Spider (0/4) Lair:2        Slime (0/5) Lair:5
    Orc (2/2) D:12            Elf (0/3) Orc:2        Vaults (0/5) D:14
 Depths (0/4) D:15

Altars:
Ashenzari
Cheibriados
Dithmenos
Fedhas
Gozag
Hepliaklqana
Kikubaaqudgha
Makhleb
Nemelex Xobeh
Okawaru
Qazlal
Ru
Sif Muna
Trog
Uskayaw
Vehumet
Wu Jian
Xom
Yredelemnul
Jiyva

Shops:
D:9 *   Orc:1 (   Orc:2 *[[:


Innate Abilities, Weirdness & Mutations

Your demonic aura often causes spilled blood to erupt in flames.
You regenerate health from kills.
Your magical and physical power is slightly enhanced at high health.
You are mostly covered in razor-sharp scales. (AC +2, Slay +2)
Your touch may irresistibly damage your foes and sap their willpower.


Message History

You hit the swamp dragon.
You touch the swamp dragon!
You sap its willpower!
The swamp dragon is almost dead.
You closely miss the swamp dragon.
A chunk of your corpse armour falls away.
You are engulfed in poison gas.
You are more poisoned.
* * * LOW HITPOINT WARNING * * *
x2 You feel extremely sick.
The swamp dragon completely misses you. The swamp dragon misses you.
The swamp dragon completely misses you. x4
Unknown command.
As you read the scroll of teleportation, it crumbles to dust.
You feel strangely unstable.
You are engulfed in poison gas.
You are more poisoned.
* * * LOW HITPOINT WARNING * * *
x2 You feel extremely sick.
The swamp dragon completely misses you.
The swamp dragon claws you but does no damage.
The swamp dragon completely misses you. x3; The swamp dragon misses you.
You feel much better.
You are engulfed in poison gas.
You are more poisoned.
* * * LOW HITPOINT WARNING * * *
x2 You feel extremely sick.
The swamp dragon bites you but does no damage.
The swamp dragon misses you. The swamp dragon completely misses you.
The swamp dragon breathes poison at you.
The blast of poison misses you.
You feel much better.
You are engulfed in poison gas.
You are more poisoned.
* * * LOW HITPOINT WARNING * * *
x2 You feel extremely sick.
The swamp dragon breathes poison at you.
The blast of poison misses you. The swamp dragon completely misses you.
The swamp dragon barely misses you. The swamp dragon completely misses you.
You feel much better.
You are engulfed in poison gas.
You are more poisoned.
* * * LOW HITPOINT WARNING * * *
x2 You feel extremely sick.
The swamp dragon bites you!
You die...

~~~~...~~~~~~.♣.~..~~~~~~~~~~~~~~
.~~~.~♣~.♣♣..~♣♣♣♣.~~~~~§§~~~~~~~
♣..~~~.~.~♣♣♣♣♣ ♣♣~..~§~§~§~~~~~.
♣♣.~~~~~§♣♣ ♣§~~~~~...~~~~§~~
♣♣~~~~~~♣ ♣☼○~~~..~~.~~~~~~
♣~♣♣~..♣ ♣♣☼☼~....♣♣♣♣♣♣..
♣♣♣♣♣♣♣♣ ♣♣ ♣♣§○♣♣~♣♣♣ ♣.~
.♣♣~♣♣♣☼♣♣♣♣♣♣♣♣♣ ♣
~~~.~♣@~♣♣♣..~♣.♣ ~.
♣DDD.~~.)~~.♣ ~.~~♣°§°)~♣♣♣.~~♣
~..~.○○○~○♣♣♣♣♣♣♣ ~....♣.°..~♣
~.~~~.~♣♣....♣ §~~~~~~♣♣~~~♣♣
~~~~~~...~~~§♣ ~~~~~.. ....♣♣


You could see 3 swamp dragons.

Vanquished Creatures
  A tentacled monstrosity (Lair:2)
  Agnes (D:15)
  A fenstrider witch (Swamp:2)
  An orc warlord (Orc:1)
  A ghoul (Swamp:4)
  4 eleionomae
  A minotaur (Lair:3)
  2 bunyips
  Snorg (Lair:3)
  An ettin (D:15)
  4 vault guards (D:14)
  Harold (Orc:1)
  A yaktaur captain (D:10)
  10 hydras
  6 centaur warriors
  2 ghost crabs
  9 two-headed ogres
  A spriggan air mage (Swamp:4)
  The ghost of scionoferis the Basher, a novice AtFi of Zin (D:10)
  5 boulder beetles
  6 alligators
  3 orc high priests (Orc:2)
  6 death yaks (Lair:2)
  A hell knight (D:15)
  A spriggan berserker (Swamp:4)
  Sonja (Lair:3)
  Amaemon (D:8)
  Nergalle (Orc:1)
  6 goliath frogs
  4 spriggan druids
  4 swamp dragons
  2 deep trolls (D:15)
  A wizard (D:15)
  A lindwurm (Lair:5)
  8 bog bodies
  A necromancer (D:15)
  6 orc knights
  2 deep elf pyromancers
  A will-o-the-wisp (Swamp:3)
  A wolf spider (Lair:5)
  7 cyclopes
  8 ugly things
  3 manticores
  6 orc sorcerers
  22 elephants (Lair:4)
  A guardian serpent (Lair:5)
  A torpor snail (Lair:4)
  14 black mambas
  An orange demon (D:8)
  9 gargoyles
  16 cane toads
  2 unseen horrors
  A freezing wraith (D:13)
  12 komodo dragons
  5 yaktaurs (D:15)
  3 efreet
  3 tengu conjurers (D:14)
  3 rime drakes
  7 trolls
  A troll (shapeshifter) (D:13)
  A bloated husk (Swamp:1)
  6 tyrant leeches
  7 meliai
  13 polar bears
  3 raiju (Lair:5)
  Grinder (D:5)
  A wind drake (shapeshifter) (D:10)
  14 slime creatures
  12 dream sheep
  5 hornets
  10 blink frogs
  Sigmund (D:5)
  3 vampires
  A shadow (D:13)
  4 wraiths
  10 spriggans
  A yak (shapeshifter) (D:10)
  2 centaur simulacra
  32 yaks
  A hog (shapeshifter) (D:14)
  A human (D:14)
  Grum (D:8)
  2 basilisks
  12 wyverns
  Eustachio (D:5)
  A golden eye (shapeshifter) (D:13)
  2 redbacks (Lair:5)
  Edmund (D:6)
  15 vampire mosquitoes
  9 wargs
  21 water moccasins
  9 swamp worms
  12 hell hounds (Lair:5)
  2 acid dragons
  2 swamp drakes
  21 orc warriors
  2 sky beasts
  A sky beast (shapeshifter) (D:13)
  11 black bears (Lair:5)
  6 centaurs
  4 ogres
  31 wolves
  A phantom (D:4)
  A kobold brigand (D:8)
  6 bullfrogs
  7 necrophages
  3 scorpions
  A gnoll sergeant (D:11)
  19 wights
  20 killer bees
  4 howler monkeys
  An electric eel (Lair:2)
  9 jellies (D:7)
  3 hounds
  18 orc priests
  Crazy Yiuf (D:4)
  3 gnoll boudas
  19 orc wizards
  15 iguanas
  9 hell rats
  Robin (D:3)
  19 gnolls
  9 adders
  A shadow imp (D:5)
  4 white imps
  An ufetubus (D:7)
  A worm (D:3)
  4 dart slugs
  62 orcs
  16 endoplasms
  4 giant cockroaches
  10 hobgoblins
  5 jackals
  5 kobolds
  A quokka (D:1)
  7 ball pythons
  7 bats
  18 frilled lizards
  19 goblins
  3 rats
868 creatures vanquished.

Vanquished Creatures (others)
  A spriggan druid (Swamp:4)
  A swamp dragon (Swamp:4)
  A hornet (Swamp:4)
  A swamp drake (Lair:2)
  2 orc warriors (Orc:1)
  An orc (Orc:1)
  A bush (Lair:5)
  6 foxfires (Swamp:3)
  37 fungi
  81 plants
132 creatures vanquished.

Grand Total: 1000 creatures vanquished

Notes
Turn   | Place    | Note
-------+----------+-------------------------------------------
     0 | D:1      | ryw the Demonspawn Monk began the quest for the Orb.
     0 | D:1      | Reached XP level 1. HP: 18/18 MP: 1/1
   283 | D:1      | Gained mutation: You are partially covered in razor-sharp
                  | scales. (AC +1, Slay +1) [demonic ancestry]
   283 | D:1      | Reached XP level 2. HP: 20/24 MP: 2/2
   529 | D:1      | You fall into a shaft and drop 1 floor!
   552 | D:2      | Identified the +9 hand axe "Ame Gaes" {vorpal, rElec Will+}
   641 | D:2      | Gained mutation: Your touch may inflict minor irresistible
                  | damage on your foes. [demonic ancestry]
   641 | D:2      | Reached XP level 3. HP: 29/29 MP: 3/3
   693 | D:2      | Reached skill level 1 in Axes
   693 | D:2      | Reached XP level 4. HP: 36/37 MP: 4/4
   792 | D:2      | Reached skill level 4 in Fighting
   919 | D:3      | Found the +4 Cigotuvi's embrace {rMiasma Drain rN+}
  1286 | D:3      | Reached XP level 5. HP: 42/42 MP: 5/5
  1881 | D:3      | Noticed Robin
  1894 | D:3      | Killed Robin
  2192 | D:4      | Found a sparkling altar of Nemelex Xobeh.
  2292 | D:4      | Found a broken altar of Ashenzari.
  2386 | D:4      | Noticed a phantom
  2390 | D:4      | Killed a phantom
  2391 | D:4      | Reached XP level 6. HP: 49/49 MP: 6/6
  2669 | D:4      | Found a runed translucent door.
  2670 | D:4      | Noticed Crazy Yiuf
  2680 | D:4      | Killed Crazy Yiuf
  2681 | D:4      | Reached skill level 5 in Fighting
  2852 | D:5      | Entered Level 5 of the Dungeon
  2922 | D:5      | Noticed Sigmund
  2932 | D:5      | Killed Sigmund
  2933 | D:5      | Gained mutation: Your touch may inflict irresistible damage
                  | on your foes. [demonic ancestry]
  2933 | D:5      | Reached XP level 7. HP: 55/56 MP: 7/7
  3000 | D:5      | Found a staircase to the Ecumenical Temple.
  3015 | Temple   | Entered the Ecumenical Temple
  3384 | Temple   | Became a worshipper of Cheibriados the Contemplative
  3384 | Temple   | Reached * piety under Cheibriados
  3384 | Temple   | Reached ** piety under Cheibriados
  3501 | D:5      | Reached skill level 5 in Dodging
  3520 | D:5      | Noticed Grinder
  3526 | D:5      | Killed Grinder
  3693 | D:5      | Reached skill level 6 in Fighting
  3723 | D:5      | Noticed Eustachio
  3734 | D:5      | Killed Eustachio
  3735 | D:5      | Gained mutation: You are mostly covered in razor-sharp
                  | scales. (AC +2, Slay +2) [demonic ancestry]
  3735 | D:5      | Reached XP level 8. HP: 44/65 MP: 8/8
  4314 | D:6      | Noticed Edmund
  4323 | D:6      | Killed Edmund
  4360 | D:6      | Reached skill level 5 in Axes
  4640 | D:6      | Found a shadowy altar of Dithmenos.
  4644 | D:6      | Reached skill level 7 in Fighting
  4938 | D:6      | Reached *** piety under Cheibriados
  4978 | D:6      | Found a hazy altar of Hepliaklqana.
  4980 | D:6      | Found a faded altar of an unknown god.
  5046 | D:7      | Gained mutation: You regenerate a little health from kills.
                  | [demonic ancestry]
  5046 | D:7      | Reached XP level 9. HP: 64/72 MP: 9/9
  5058 | D:7      | Reached skill level 8 in Fighting
  5228 | D:7      | Found a blossoming altar of Fedhas.
  5363 | D:7      | Identified the +1 ring mail of Joy {-Cast Fly rElec rF+++}
  5426 | D:7      | Reached **** piety under Cheibriados
  5470 | D:7      | Found an ornate altar of the Wu Jian Council.
  5807 | D:7      | Reached skill level 9 in Fighting
  5811 | D:7      | Gained mutation: Your demonic aura sometimes causes spilled
                  | blood to erupt in flames. [demonic ancestry]
  5811 | D:7      | Reached XP level 10. HP: 83/83 MP: 10/10
  5890 | D:8      | Noticed Grum
  5902 | D:8      | Killed Grum
  5939 | D:8      | Found a basalt altar of Yredelemnul.
  5942 | D:8      | Noticed an orange demon
  5946 | D:8      | Noticed Amaemon
  5962 | D:8      | Killed Amaemon
  5996 | D:8      | Killed an orange demon
  5996 | D:8      | Reached ***** piety under Cheibriados
  6328 | D:8      | Found a bloodstained altar of Trog.
  6710 | D:9      | Learned a level 2 spell: Wereblood
  6744 | D:9      | Reached skill level 10 in Fighting
  6744 | D:9      | Reached skill level 1 in Spellcasting
  6768 | D:9      | Reached skill level 1 in Transmutations
  6814 | D:9      | Noticed a manticore
  6827 | D:9      | Killed a manticore
  7001 | D:9      | Found Dayss's CLEARANCE SALE!.
  7510 | D:10     | Entered Level 10 of the Dungeon
  7663 | D:10     | Found a runed translucent door.
  7663 | D:10     | Noticed scionoferis's ghost (novice AtFi)
  7683 | D:10     | Noticed a two-headed ogre
  7689 | D:10     | Gained mutation: Your demonic aura often causes spilled
                  | blood to erupt in flames. [demonic ancestry]
  7689 | D:10     | Reached XP level 11. HP: 91/91 MP: 15/15
  7692 | D:10     | Reached skill level 1 in Invocations
  7695 | D:10     | Killed a two-headed ogre
  7771 | D:10     | Found a runed translucent door.
  7798 | D:10     | Noticed a boulder beetle
  7806 | D:10     | Killed a boulder beetle
  7815 | D:10     | Noticed a yaktaur captain
  7821 | D:10     | Killed a yaktaur captain
  7823 | D:10     | Reached ****** piety under Cheibriados
  8043 | D:10     | Found a stormy altar of Qazlal.
  8198 | D:10     | Killed scionoferis's ghost
  8199 | D:10     | Reached skill level 5 in Spellcasting
  8275 | D:11     | Noticed a two-headed ogre
  8285 | D:11     | Killed a two-headed ogre
  8293 | D:11     | Found a staircase to the Lair.
  8451 | D:11     | Reached skill level 10 in Dodging
  8486 | D:11     | Noticed a two-headed ogre
  8490 | D:11     | Noticed a two-headed ogre
  8493 | D:11     | Killed a two-headed ogre
  8494 | D:11     | Reached skill level 5 in Invocations
  8498 | D:11     | Killed a two-headed ogre
  8499 | D:11     | Reached skill level 11 in Fighting
  8524 | D:11     | Noticed a six-headed hydra
  8538 | D:11     | Killed an 11-headed hydra
  8539 | D:11     | Gained mutation: Your touch may irresistibly damage your
                  | foes and sap their willpower. [demonic ancestry]
  8539 | D:11     | Reached XP level 12. HP: 73/100 MP: 19/19
  8759 | D:11     | Noticed a two-headed ogre
  8765 | D:11     | Killed a two-headed ogre
  9136 | Lair:1   | Entered Level 1 of the Lair of Beasts
  9839 | Lair:2   | Reached skill level 5 in Transmutations
  9937 | Lair:2   | Reached skill level 10 in Axes
 10238 | Lair:2   | Noticed a death yak
 10238 | Lair:2   | Noticed a death yak
 10240 | Lair:2   | Noticed a death yak
 10240 | Lair:2   | Noticed a death yak
 10240 | Lair:2   | Noticed a death yak
 10241 | Lair:2   | Noticed a death yak
 10245 | Lair:2   | Killed a death yak
 10249 | Lair:2   | Killed a death yak
 10254 | Lair:2   | Killed a death yak
 10255 | Lair:2   | Killed a death yak
 10255 | Lair:2   | Killed a death yak
 10256 | Lair:2   | Reached skill level 12 in Fighting
 10256 | Lair:2   | Killed a death yak
 10307 | Lair:2   | Found a hole to the Spider Nest.
 10318 | Lair:2   | Reached XP level 13. HP: 70/108 MP: 18/20
 10341 | Lair:2   | Found a staircase to the Swamp.
 10841 | Lair:3   | Found a runed translucent door.
 10879 | Lair:3   | Noticed a minotaur
 10888 | Lair:3   | Killed a minotaur
 11099 | Lair:3   | Noticed Snorg
 11106 | Lair:3   | Killed Snorg
 11107 | Lair:3   | Reached skill level 1 in Armour
 11176 | Lair:3   | Noticed Sonja
 11181 | Lair:3   | Killed Sonja
 11706 | Lair:4   | Found a broken altar of Ashenzari.
 11765 | Lair:4   | Reached skill level 10 in Invocations
 12027 | Lair:4   | Reached skill level 13 in Fighting
 12784 | Lair:5   | Entered Level 5 of the Lair of Beasts
 12798 | Lair:5   | Reached XP level 14. HP: 101/118 MP: 21/21
 13072 | Lair:5   | Reached skill level 5 in Armour
 13499 | Lair:5   | Found a viscous altar of Jiyva.
 13499 | Lair:5   | Found a staircase to the Slime Pits.
 13677 | Lair:5   | Reached skill level 14 in Fighting
 13925 | Lair:5   | Identified the +12 quarterstaff of the Median {flame, *Rage
                  | rN+ Dex+6 Stlth+}
 14322 | D:12     | Identified the +7 dagger "Killer Klown's Bane" {antimagic,
                  | *Slow rF++ rN+}
 14624 | D:12     | Gained mutation: Your magical and physical power is
                  | slightly enhanced at high health. [demonic ancestry]
 14624 | D:12     | Reached XP level 15. HP: 127/127 MP: 22/22
 14627 | D:12     | Found a staircase to the Orcish Mines.
 15589 | D:13     | Reached skill level 15 in Fighting
 16215 | D:14     | Identified the +0 pair of gloves "Miceub" {Int+4}
 16812 | D:14     | Found a gate to the Vaults.
 17450 | Orc:1    | Entered Level 1 of the Orcish Mines
 17450 | Orc:1    | Found Hoimyfamp's Weapon Boutique.
 17599 | Orc:2    | Entered Level 2 of the Orcish Mines
 17748 | Orc:2    | Found a staircase to the Elven Halls.
 17997 | Orc:2    | Found Yjothew's Book Shoppe.
 17997 | Orc:2    | Found Jivel's General Store.
 18030 | Orc:2    | Found Qett's Armour Shoppe.
 18030 | Orc:2    | Found Uthoax's Antique Armour Shop.
 18163 | Orc:1    | Noticed Harold
 18167 | Orc:1    | Killed Harold
 18193 | Orc:1    | Found an iron altar of Okawaru.
 18205 | Orc:1    | Noticed Nergalle
 18213 | Orc:1    | Killed Nergalle
 18344 | Orc:1    | Reached skill level 16 in Fighting
 18713 | D:15     | Entered Level 15 of the Dungeon
 18750 | D:15     | Gained mutation: You regenerate health from kills. [demonic
                  | ancestry]
 18750 | D:15     | Reached XP level 16. HP: 124/138 MP: 21/23
 18967 | D:15     | Reached skill level 15 in Dodging
 19055 | D:15     | Found a staircase to the Depths.
 19243 | D:15     | Noticed Agnes
 19253 | D:15     | Killed Agnes
 19566 | Swamp:1  | Entered Level 1 of the Swamp
 19566 | Swamp:1  | Noticed a tentacled monstrosity
 19580 | Lair:2   | Killed a tentacled monstrosity
 19641 | Swamp:1  | Identified the +1 robe of the Arcane {Dex+4}
 19728 | Swamp:1  | Found a broken altar of Ashenzari.
 20120 | Swamp:2  | You fall into a shaft and drop 1 floor!
 20866 | Swamp:4  | Entered Level 4 of the Swamp
 20901 | Swamp:4  | Reached skill level 5 in Stealth
 21101 | Swamp:4  | Reached skill level 17 in Fighting
 21349 | Swamp:4  | HP: 7/141 [poisoned by a swamp dragon (poison gas)]
 21352 | Swamp:4  | Slain by a swamp dragon

Illustrated notes

Levels and vault maps discovered:
D:1:      dpeg_arrival_castle, layout_basic, st_stairs_10, minmay_hedge_maze,
          amethyst_killhole, serial_park_tiny_pond
D:2:      layout_rooms, interstate_on_off
D:3:      kennysheep_goblin_castle, layout_loops_ring, corexii_shack,
          hangedman_decor_points, chequers_serial_rivers_room_a, hex_medium,
          serial_bayou_lagoon_a, minivault_19, minmay_increasing_density
D:4:      nicolae_BIG_FREAKIN_CUBE, layout_loops_ring,
          mainiacjoe_overflow_tiny_flanked, mainiacjoe_overflow_24_doors,
          lemuel_round_altar, uniq_robin, uniq_crazy_yiuf_cottage
D:5:      layout_basic, minmay_temple_entry_slanted, uniq_grinder, uniq_sigmund,
          uniq_eustachio
D:6:      layout_rooms, beargit_hepliaklqana_dungeon_heroes,
          nicolae_dithmenos_shadow_blocks, uniq_edmund
D:7:      lemuel_slime, layout_loops_cross, mainiacjoe_overflow_alcove_2,
          nzn_wu_jian_council_hall
D:8:      layout_rooms, mainiacjoe_overflow_small_starburst, trog_book,
          hex_intersection, kennysheep_dice, uniq_amaemon, uniq_grum
D:9:      layout_basic, nicolae_shop_clearance
D:10:     layout_roguey, grunt_qazlal_clouds, hellmonk_ghost_happy_afterlife,
          minivault_13
D:11:     layout_irregular_city, lair_entry_dummy, minmay_between
D:12:     cheibrodos_statue_roulette, layout_long_grid, david_orc_3,
          chequers_serial_rivers_large_a
D:13:     nzn_winding_woodlands_medium [nzn_winding_woodlands_hourglass,
          nzn_winding_woodlands_5x15_sawtooth,
          nzn_winding_woodlands_5x5_closed_star,
          nzn_winding_woodlands_5x5_checkerboard,
          nzn_winding_woodlands_center_triple_pond,
          nzn_winding_woodlands_5x5_cross, nzn_winding_woodlands_5x5_open_star,
          nzn_winding_woodlands_5x15_pool, nzn_winding_woodlands_5x5_perimeter],
          layout_stronghold, minmay_fountain_box, nrook_uturn, minivault_19
D:14:     layout_roguey, grunt_vaults_entry_fortified, serial_bayou_pond_d
D:15:     hangedman_depths_entry_civil_slaughter, layout_long_grid,
          nicolae_figureground_pulse, hex_large, uniq_agnes
Temple:   minmay_temple_forest_path
Lair:1:   layout_chaotic_city
Lair:2:   lemuel_reptile_caves, layout_regular_city, skrybe_swamp_entry_bodies,
          hellmonk_spider_entry_not_the_bees, grunt_megastairs_1,
          infiniplex_staircase_pool
Lair:3:   dreamdust_labyrinth, layout_cave_pods, roderic_carrion_pond,
          uniq_sonja, uniq_snorg
Lair:4:   layout_hall_layers, basic_altar, wad_woods_river_04
Lair:5:   hangedman_lair_caniforms_friends, layout_regular_city,
          hangedman_lair_tendril_chambers, slime_entry_1
Swamp:1:  layout_falls_marsh, basic_altar
Swamp:2:  layout_basic_swamp, evilmike_swamp_ruin_house_1, swamp_pool5,
          kb_tengu_band
Swamp:3:  layout_basic_swamp, evilmike_swamp_ruin_house_5
Swamp:4:  swamp, layout_basic_swamp
Orc:1:    nicolae_orc_accident_3, layout_caves, serial_shops, shop_statue,
          okawaru_metal_pillars_1_2, uniq_harold, uniq_nergalle
Orc:2:    grunt_orc_tribal_feast, layout_caves, minmay_orc_temple_a

Skill      XL: |  1  2  3  4  5  6  7  8  9 10 11 12 13 14 15 16 |
---------------+-------------------------------------------------+-----
Dodging        | 3 4 5 6 8 9 10 11 12 13 14 15 | 15.8
Axes           | 1 2 3 4 5 7 8 9 10 11 13 14 | 14.0
Fighting       | 4 5 6 7 9 10 11 12 13 14 16 17 | 17.1
Spellcasting   | 2 5 9 |  9.4
Transmutations | 1 4 5 |  5.0
Invocations    | 5 8 10 | 10.0
Armour         | 4 5 |  5.0
Stealth        | 5 |  5.0
Unarmed Combat | |  2.6

Action                   |  1- 3 |  4- 6 |  7- 9 | 10-12 | 13-15 | 16-18 || total
-------------------------+-------+-------+-------+-------+-------+-------++-------
Melee: Unarmed           |    64 |       |       |       |       |       ||    64
       Punch             |     1 |       |     2 |     7 |    31 |     9 ||    50
       Hand axe          |    20 |    96 |   146 |   372 |   831 |   446 ||  1911
       Touch             |     2 |     8 |    31 |    84 |   186 |    92 ||   403
 Cast: Wereblood         |       |       |       |    14 |    80 |    28 ||   122
Invok: Slouch            |       |       |       |       |       |     3 ||     3
Evoke: Wand              |       |       |       |       |     7 |     4 ||    11
  Use: Scroll            |       |     8 |     2 |    11 |     6 |     2 ||    29
       Potion            |       |       |       |     1 |     2 |     4 ||     7
 Stab: Sleeping          |     5 |    15 |     5 |    20 |    16 |     3 ||    64
       Distracted        |       |       |       |     2 |     3 |     1 ||     6
       Confused          |       |       |       |     1 |       |       ||     1
Armor: Robe              |    14 |     2 |       |       |       |       ||    16
       Leather armour    |       |    32 |    47 |    80 |   202 |   150 ||   511
       Skin              |       |       |       |    25 |       |       ||    25
Dodge: Dodged            |    61 |    36 |   127 |   400 |  1139 |   549 ||  2312

Table legend: (Time is in decaauts)
 A = Elapsed time spent in this place.
 B = Non-inter-level travel time spent in this place.
 C = Inter-level travel time spent in this place.
 D = Time resting spent in this place.
 E = Time spent auto-exploring this place.
 F = Levels seen in this place.
 G = Mean time per level.
                   A        B        C        D        E       F      G
               +--------+--------+--------+--------+--------+-----+--------+
         Total |  33484 |  30318 |   3166 |    625 |  24220 |  27 | 1240.1 |
       Dungeon |  18934 |  17007 |   1927 |    432 |  13747 |  15 | 1262.3 |
        Temple |    446 |    318 |    128 |      0 |    303 |   1 |  446.0 |
          Lair |   9348 |   8542 |    806 |     12 |   6877 |   5 | 1869.6 |
         Swamp |   2643 |   2595 |     48 |    181 |   1755 |   4 |  660.8 |
  Orcish Mines |   2111 |   1855 |    256 |      0 |   1537 |   2 | 1055.5 |
               +--------+--------+--------+--------+--------+-----+--------+

Top non-repeatable levels by time:
  Lair:5: 2296 daAuts
  Lair:4: 2142 daAuts
    D:13: 1795 daAuts
  Lair:2: 1751 daAuts
  Lair:3: 1743 daAuts
    D:12: 1649 daAuts
    D:11: 1599 daAuts
     D:9: 1561 daAuts
     D:5: 1447 daAuts
     D:7: 1441 daAuts
  Lair:1: 1414 daAuts
    D:14: 1375 daAuts
     D:3: 1359 daAuts
    D:10: 1324 daAuts
    D:15: 1291 daAuts
